AoeStats
← Oso Táctico

Black Forest

509754280Analyzed
3v3 RM · 3d ago on Sep 27, 2026· 47m 22s· 6 players
Game mode
Random Map
Map size
Normal (6 player)
Population
200
Speed
Normal
Resources
Standard
Victory
Conquest
Starting age
Dark Age
Ending age
Imperial Age
RankedLock teamsTeams togetherTeam positionsShared explorationLock speedFull tech treeHidden civsTurbo modeCheats
Victory
Defeat
🇦🇷 Hindustanis · Argentina
1189
+15
🇵🇪 Teutons · Peru
1157
+16
🇦🇷 Italians · Argentina
1146
+17
🇬🇧 Poles · United Kingdom
1215
-18
🇦🇺 Turks · Australia
1141
-15
🇦🇷 Japanese · Argentina
1129
-15
Oso Táctico
7:19 Loom
11:31 Feudal Age
16:17 Castle Age
14:17 Double-Bit Axe
14:15 Horse Collar
20:34 Gold Mining
23:44 Bow Saw
25:08 Wheelbarrow
29:54 Imperial Age
28:18 Gold Shaft Mining
27:33 Stone Mining
27:33 Fishing Lines
28:57 Heavy Plow
29:35 Scale Barding Armor
29:40 Forging
30:42 Chain Barding Armor
30:34 Bloodlines
30:25 Husbandry
30:32 Grand Trunk Road
30:03 Heavy Camel Rider
32:16 Chemistry
31:18 Town Watch
31:48 Hand Cart
32:37 Conscription
33:18 Plate Barding Armor
33:19 Iron Casting
32:35 Fletching
34:23 Stone Shaft Mining
34:54 Two-Man Saw
33:48 Gillnets
34:05 Imperial Camel Rider
37:48 Hoardings
38:39 Siege Engineers
38:44 Masonry
39:48 Blast Furnace
38:44 Bodkin Arrow
42:47 Bracer
Tame Alpaca
2:30 Loom
12:33 Feudal Age
13:22 Horse Collar
13:28 Double-Bit Axe
20:19 Castle Age
18:39 Stone Mining
19:11 Fletching
19:15 Gold Mining
22:11 Bow Saw
23:23 Heavy Plow
25:08 Wheelbarrow
30:34 Imperial Age
28:34 Ballistics
28:41 Bodkin Arrow
28:57 Forging
30:00 Hand Cart
30:06 Scale Barding Armor
30:02 Scale Mail Armor
30:41 Fortified Wall
30:41 Masonry
30:59 Squires
31:12 Bloodlines
31:02 Town Watch
33:06 Two-Man Saw
32:56 Scale Mail Armor
33:37 Masonry
34:49 Hoardings
35:38 Crop Rotation
35:17 Capped Ram
35:49 Cavalier
35:52 Pikeman
36:30 Heavy Scorpion
38:43 Chemistry
40:19 Crenellations
40:10 Arson
40:32 Onager
41:38 Ironclad
43:17 Paladin
46:31 Conscription
MERA_elBalma
1:06 Loom
13:01 Feudal Age
20:25 Double-Bit Axe
22:53 Fletching
25:05 Castle Age
37:17 Imperial Age
35:24 Wheelbarrow
35:37 Bodkin Arrow
37:07 Padded Archer Armor
42:08 Hand Cart
45:52 Chemistry
46:07 Bracer
NYK
11:36 Feudal Age
15:23 Castle Age
13:09 Double-Bit Axe
14:42 Horse Collar
17:02 Bow Saw
19:19 Wheelbarrow
19:41 Scale Barding Armor
19:48 Forging
20:35 Heavy Plow
21:58 Chain Barding Armor
22:14 Iron Casting
21:42 Gold Mining
23:15 Hand Cart
25:40 Loom
26:23 Bloodlines
30:12 Imperial Age
27:56 Husbandry
28:00 Stone Mining
28:11 Town Watch
32:04 Blast Furnace
31:22 Fletching
31:58 Town Patrol
31:19 Cavalier
33:20 Chemistry
32:26 Siege Engineers
33:43 Stone Shaft Mining
34:18 Szlachta Privileges
35:06 Caravan
35:38 Conscription
36:28 Treadmill Crane
36:58 Masonry
36:46 Bodkin Arrow
38:17 Bracer
41:47 Onager
43:31 Light Cavalry
45:18 Padded Archer Armor
46:04 Ballistics
StandingTall
0:33 Loom
12:34 Feudal Age
17:49 Castle Age
15:48 Horse Collar
16:26 Double-Bit Axe
18:28 Gold Mining
25:36 Imperial Age
24:36 Bow Saw
25:24 Wheelbarrow
31:05 Two-Man Saw
31:37 Scale Mail Armor
32:08 Ballistics
32:44 Arson
34:06 Stone Mining
35:20 Hand Cart
36:41 Town Watch
37:32 Heavy Plow
38:52 Gold Shaft Mining
38:44 Treadmill Crane
39:41 Squires
39:54 Forging
40:15 Conscription
40:48 Artillery
45:09 Fletching
ss_nacho
2:01 Loom
10:19 Feudal Age
12:06 Man-at-Arms
13:26 Arson
17:17 Town Watch
18:07 Wheelbarrow
22:54 Fletching
25:59 Castle Age
25:38 Horse Collar
25:47 Double-Bit Axe
32:41 Imperial Age
30:36 Scale Mail Armor
31:33 Chain Mail Armor
34:09 Plate Mail Armor
33:50 Forging
33:48 Heavy Plow
38:53 Conscription
41:13 Iron Casting
40:01 Pikeman
40:41 Squires
40:27 Gambesons
41:26 Elite Samurai
43:52 Blast Furnace
43:32 Bow Saw
45:35 Halberdier
Connection lost

Rejoining the realm…

Still unreachable

The connection could not be restored.

Session expired

The server has moved on; the page needs a fresh start.